 Dungeon Crawl Stone Soup version 0.26-a0-652-gafc20e3620 (webtiles) character file.

Game seed: 13788959716818047548

854173 smeego the Imperceptible (level 27, -1/195 HPs)
             Began as an Octopode Fighter on Oct 1, 2020.
             Was an Initiate of Gozag.
             Slain by a monstrous warmonger (10 damage)
             ... in Pandemonium on Oct 2, 2020.
             The game lasted 03:37:14 (97302 turns).

smeego the Imperceptible (Octopode Fighter)        Turns: 97302, Time: 03:37:15

Health: -1/195     AC:  9    Str: 12    XL:     27
Magic:  29/29      EV: 36    Int: -2 (13) God:    Gozag
Gold:   1319       SH: 24    Dex: 38    Spells: 20/58 levels left

rFire    + + +     SeeInvis .   q - +8 double sword (vorpal)
rCold    + + +     Faith    .   M - +2 shield of Resistance {rF++ rC++ MR++}
rNeg     + + +     Spirit   .   D - +2 hat
rPois    +         Reflect  +   t - amulet of reflection
rElec    +         Harm     .   d - ring of resist corrosion
rCorr    +         Rampage  .   V - ring "Laboz" {+Fly rElec rN+++ MR- Str-3 Dex+6}
MR       +++++     Clarity  +   h - ring of Ommunir {+Fly rC+ Dex+6}
Stlth    ++++++++++             k - ring of the Pariah {MR++ Str-5 Dex+6 Slay+6}
HPRegen  0.00/turn              N - ring of Shadows {Umbra +Inv Stlth+}
MPRegen  0.21/turn              z - ring "Muenasum" {rPois rC+ MR++ MP-9 Dex+3}
                                T - ring "Jyifamib" {rF+ rC+ MR+ Int+3 Dex+5}
                                F - ring of Wodgh {rPois AC+4 Stlth+}

@: gold aura, slowed, lost intelligence, wreathed by umbra, bribing
[Pandemonium], very slow
A: almost no armour, stealthy swim, amphibious, 8 rings, constrict 8, molten
scales 1, camouflage 1, blurry vision 1, clarity, clumsy 1, dopey 1, low mp 1,
mutation resistance 1, screaming 1, inhibited regeneration, weak 2, gelatinous
body 1, subdued magic 1
}: 9/15 runes: decaying, serpentine, slimy, silver, abyssal, demonic, glowing,
magical, fiery
a: Potion Petition, Call Merchant, Bribe Branch, Renounce Religion, Evoke
Invisibility, Evoke Flight


You were in Pandemonium.
You worshipped Gozag.
Gozag was most pleased with you.
You visited 12 branches of the dungeon, and saw 54 of its levels.
You visited Pandemonium 2 times, and saw 7 of its levels.
You visited the Abyss 1 time.
You also visited: Sewer and Bailey.

You collected 40058 gold pieces.
You spent 7247 gold pieces at shops.
You paid 31492 gold pieces to Gozag.

Inventory:

Hand Weapons
 q - a +8 vorpal double sword (weapon)
 O - the +6 sword of Cerebov {flame}
   (You took it off Cerebov in Pandemonium)

   It has been specially enchanted to burn those struck by it, causing extra
   injury to most foes and up to half again as much damage against particularly
   susceptible opponents.
   Big, fiery blades are also staple armaments of hydra-hunters.
Missiles
 r - 14 javelins (quivered)
 y - 6 curare-tipped darts
 H - 8 atropa-tipped darts
Armour
 D - a +2 hat (worn)
 M - the +2 shield of Resistance (worn) {rF++ rC++ MR++}
   (You found it on level 5 of the Vaults)

   It greatly protects you from fire.
   It greatly protects you from cold.
   It affects your resistance to hostile enchantments.
Jewellery
 d - a ring of resist corrosion (left tentacle)
 h - the ring of Ommunir (on tentacle) {+Fly rC+ Dex+6}
   (You took it off an orc knight on level 1 of the Vaults)

   [ring of dexterity]

   It affects your dexterity (+6).
   It protects you from cold.
   It lets you fly.
 k - the ring of the Pariah (on tentacle) {MR++ Str-5 Dex+6 Slay+6}
   (You bought it in a shop on level 1 of the Lair of Beasts)

   [ring of dexterity]

   It affects your strength (-5).
   It affects your dexterity (+6).
   It affects your accuracy and damage with ranged weapons and melee attacks
   (+6).
   It affects your resistance to hostile enchantments.
 t - an amulet of reflection (around mantle)
 z - the ring "Muenasum" (on tentacle) {rPois rC+ MR++ MP-9 Dex+3}
   (You acquired it on level 1 of the Lair of Beasts)

   [ring of protection from cold]

   It affects your dexterity (+3).
   It protects you from cold.
   It protects you from poison.
   It affects your resistance to hostile enchantments.
   It affects your magic capacity (-9).
 B - the ring of Moaqohou {Int+2 SInv}
   (You took it off a red devil in Pandemonium)

   [ring of see invisible]

   It affects your intelligence (+2).
   It lets you see invisible.
 F - the ring of Wodgh (on tentacle) {rPois AC+4 Stlth+}
   (You found it on level 4 of the Lair of Beasts)

   [ring of protection]

   It affects your AC (+4).
   It protects you from poison.
   It makes you more stealthy.
 N - the ring of Shadows (on tentacle) {Umbra +Inv Stlth+}
   (You bought it in a shop on level 5 of the Depths)

   [ring of stealth]

   It lets you turn invisible.
   It makes you more stealthy.
 T - the ring "Jyifamib" (on tentacle) {rF+ rC+ MR+ Int+3 Dex+5}
   (You bought it in a shop on level 8 of the Dungeon)

   [ring of protection from fire]

   It affects your intelligence (+3).
   It affects your dexterity (+5).
   It protects you from fire.
   It protects you from cold.
   It affects your resistance to hostile enchantments.
 V - the ring "Laboz" (right tentacle) {+Fly rElec rN+++ MR- Str-3 Dex+6}
   (You bought it in a shop on level 8 of the Dungeon)

   [ring of dexterity]

   It affects your strength (-3).
   It affects your dexterity (+6).
   It insulates you from electricity.
   It renders you almost immune to negative energy.
   It affects your resistance to hostile enchantments.
   It lets you fly.
Wands
 e - a wand of enslavement (24)
 i - a wand of random effects (19)
 E - a wand of paralysis (30)
 J - a wand of flame (19)
 R - a wand of iceblast (45)
 W - a wand of digging (4)
 Y - a wand of acid (52)
 Z - a wand of disintegration (44)
Scrolls
 b - 2 scrolls of summoning
 g - 6 scrolls of teleportation
 j - 21 scrolls of remove curse
 x - 27 scrolls of identify
 A - 2 scrolls of enchant armour
 C - 6 scrolls of fear
 L - 3 scrolls of holy word
 Q - 8 scrolls of magic mapping
 U - 7 scrolls of fog
Potions
 c - 3 potions of might
 f - 4 potions of resistance
 l - 3 potions of cancellation
 m - 3 potions of lignification
 n - 41 potions of curing
 p - 12 potions of magic
 u - 4 potions of invisibility
 v - 13 potions of flight
 K - 5 potions of brilliance
 X - 3 potions of stabbing
Miscellaneous
 a - a phantom mirror
 o - a lightning rod (4/4)
 w - a phantom mirror
 G - a phial of floods
 I - a tin of tremorstones (3/3)
 P - a box of beasts (3/3)
 S - a condenser vane (2/2)


   Skills:
 + Level 18.0 Fighting
 - Level 16.0 Long Blades
 - Level 5.1 Throwing
 + Level 18.1 Dodging
 + Level 25.8 Stealth
 + Level 18.0 Shields
 + Level 19.5 Unarmed Combat
 + Level 16.1 Spellcasting
 - Level 15.0 Transmutations
 * Level 23.0 Earth Magic
 - Level 4.3 Evocations


You had 20 spell levels left.
You knew the following spells:

 Your Spells              Type           Power        Failure   Level
a - Wereblood             Tmut           #.......     1%          2
b - Statue Form           Tmut/Erth      #........    1%          6
c - Shatter               Erth           #.........   71%         9
d - Iron Shot             Conj/Erth      #.........   17%         6
e - Lehudib's Crystal Sp  Conj/Erth      #.........   100%        8
f - Lee's Rapid Deconstr  Erth           #.........   0%          5
g - Passwall              Tmut/Erth      #.......     0%          2

Your spell library contained the following spells:

 Spells                   Type           Power        Failure   Level
 Beastly Appendage        Tmut           #.....       0%          1
 Sandblast                Erth           #.....       0%          1
 Sting                    Tmut/Pois      #...         1%          1
 Spider Form              Tmut/Pois      #.........   1%          3
 Stone Arrow              Conj/Erth      #.....       1%          3
 Leda's Liquefaction      Hex/Erth       #.........   1%          4
 Petrify                  Tmut/Erth      #.......     1%          4
 Blade Hands              Tmut           #.........   1%          5
 Borgnjor's Vile Clutch   Necr/Erth      #.........   2%          5
 Hydra Form               Tmut           #.........   3%          6
 Ignite Poison            Fire/Tmut/Pois #.......     4%          3
 Ice Form                 Ice/Tmut       #.......     5%          4
 Animate Skeleton         Necr           #.....       12%         1
 Apportation              Tloc           #.....       12%         1
 Corona                   Hex            #......      12%         1
 Foxfire                  Conj/Fire      #...         12%         1
 Freeze                   Ice            #...         12%         1
 Magic Dart               Conj           #...         12%         1
 Pain                     Necr           #...         12%         1
 Summon Small Mammal      Summ           #...         12%         1
 Bolt of Magma            Conj/Fire/Erth #.........   14%         5
 Alistair's Intoxication  Tmut/Pois      #........    16%         5
 Irradiate                Conj/Tmut      #.........   16%         5
 Yara's Violent Unravell  Hex/Tmut       #.........   16%         5
 Blink                    Tloc           N/A          19%         2
 Call Imp                 Summ           #.......     19%         2
 Corpse Rot               Necr/Air       N/A          19%         2
 Ensorcelled Hibernation  Hex/Ice        #.....       19%         2
 Poisonous Vapours        Pois/Air       #.....       19%         2
 Searing Ray              Conj           #.....       19%         2
 Sublimation of Blood     Necr           #.........   19%         2
 Swiftness                Air            #.......     19%         2
 Dragon Form              Tmut           #.........   22%         7
 Call Canine Familiar     Summ           #.......     36%         3
 Confusing Touch          Hex            #.......     36%         3
 Conjure Flame            Conj/Fire      #.......     36%         3
 Dazzling Flash           Conj/Hex       #.....       36%         3
 Frozen Ramparts          Ice            #.....       36%         3
 Gell's Gravitas          Tloc           #.........   36%         3
 Inner Flame              Hex/Fire       #.......     36%         3
 Lesser Beckoning         Tloc           #.........   36%         3
 Mephitic Cloud           Conj/Pois/Air  #.......     36%         3
 Ozocubu's Armour         Ice            #.......     36%         3
 Portal Projectile        Hex/Tloc       #.....       36%         3
 Static Discharge         Conj/Air       #.......     36%         3
 Summon Guardian Golem    Hex/Summ       #.......     36%         3
 Teleport Other           Tloc           #.......     36%         3
 Tukima's Dance           Hex            #.......     36%         3
 Vampiric Draining        Necr           #.........   36%         3
 Eringya's Noxious Bog    Tmut/Pois      #.........   67%         6
 Animate Dead             Necr           #.........   78%         4
 Cause Fear               Hex            #.........   78%         4
 Dispel Undead            Necr           #.......     78%         4
 Fulminant Prism          Conj/Hex       #.........   78%         4
 Hailstorm                Conj/Ice       #.......     78%         4
 Iskenderun's Mystic Bla  Conj/Tloc      #.......     78%         4
 Olgreb's Toxic Radiance  Pois           #.......     78%         4
 Passage of Golubria      Tloc           N/A          78%         4
 Summon Ice Beast         Ice/Summ       #.......     78%         4
 Summon Lightning Spire   Summ/Air       #.......     78%         4
 Agony                    Necr           #.......     98%         5
 Excruciating Wounds      Necr           #.........   98%         5
 Fireball                 Conj/Fire      #.........   98%         5
 Lightning Bolt           Conj/Air       #.........   98%         5
 Metabolic Englaciation   Hex/Ice        #.........   98%         5
 Summon Demon             Summ           #.........   98%         5
 Summon Forest            Summ/Tloc      #.........   98%         5
 Summon Mana Viper        Hex/Summ       #.......     98%         5
 Conjure Ball Lightning   Conj/Air       #.........   100%        6
 Death Channel            Necr           #.........   100%        6
 Dispersal                Tloc           #.........   100%        6
 Freezing Cloud           Conj/Ice/Air   #.........   100%        6
 Invisibility             Hex            #.......     100%        6
 Shadow Creatures         Summ           N/A          100%        6
 Simulacrum               Ice/Necr       #.........   100%        6
 Starburst                Conj/Fire      #.........   100%        6
 Malign Gateway           Summ/Tloc      #.........   100%        7
 Monstrous Menagerie      Summ           #.........   100%        7
 Summon Greater Demon     Summ           #.........   100%        7
 Summon Hydra             Summ           #.........   100%        7
 Borgnjor's Revivificati  Necr           #.........   100%        8
 Chain Lightning          Conj/Air       #.........   100%        8
 Discord                  Hex            #.........   100%        8
 Disjunction              Tloc           #.........   100%        8
 Ignition                 Fire           #.........   100%        8
 Summon Horrible Things   Summ           #.........   100%        8
 Absolute Zero            Ice            #.........   100%        9
 Dragon's Call            Summ           #.........   100%        9
 Fire Storm               Conj/Fire      #.........   100%        9
 Tornado                  Air            #.........   100%        9


Dungeon Overview and Level Annotations

Branches:
Dungeon (15/15)            Temple (1/1) D:6            Lair (6/6) D:8
  Swamp (4/4) Lair:3        Snake (4/4) Lair:3        Slime (5/5) Lair:5
    Orc (2/2) D:12            Elf (3/3) Orc:2        Vaults (5/5) D:13
  Crypt (3/3) Vaults:3       Tomb (0/3) Crypt:3      Depths (5/5) D:15
   Hell (visited)             Dis (0/7) Hell            Geh (0/7) Hell
    Coc (0/7) Hell            Tar (0/7) Hell            Zot (0/5) Depths:5
  Sewer (visited)          Bailey (visited)

Altars:
Ashenzari
Cheibriados
Dithmenos
Elyvilon
Fedhas
Gozag
Hepliaklqana
Kikubaaqudgha
Makhleb
Nemelex Xobeh
Okawaru
Qazlal
Ru
Sif Muna
Trog
Uskayaw
Vehumet
Wu Jian
Xom
Yredelemnul
Zin
The Shining One
Beogh
Jiyva

Shops:
D:5 }   D:6 :   D:8 (?=?==   Orc:2 :[=*(   Elf:3 =   Lair:1 (=(?=   Vaults:4 *
Depths:2 [   Depths:3 [*=!*   Depths:5 *=}=

Portals:
Hell: Depths:1 Depths:2 Depths:3 Depths:4 Depths:5
Abyss: Depths:1 Depths:2 Depths:4 Depths:5
Pandemonium: Depths:3 Depths:5
Ziggurat: Depths:2

Annotations:
D:6 1 runed translucent door, Crazy Yiuf
D:8 2 runed translucent doors, Greyr's ghost, novice OgHu
D:9 1 runed translucent door, Shoal's ghost, novice TrMo
D:14 exclusion: oklob plant
Lair:6 exclusion: oklob plant
Crypt:2 1 runed translucent door, Jetyrhek's ghost, veteran GrEE
Depths:2 2 transporters, exclusion: obsidian statue


Innate Abilities, Weirdness & Mutations

You cannot wear most types of armour.
You are very stealthy in the water. (Stealth+)
You are amphibious.
You can wear up to eight rings at the same time.
You can use your tentacles to constrict eight enemies at once.
Your skin changes colour to match your surroundings (Stealth+).
Your rubbery body absorbs attacks. (AC +1, EV +1)
You are partially covered in molten scales. (AC +2)
Scrolls take you a little longer to read.
You possess an exceptional clarity of mind.
You are clumsy. (Dex -2)
You are dopey. (Int -2)
Your magical capacity is low. (-10% MP)
You are somewhat resistant to further mutation.
You occasionally shout uncontrollably at your foes.
You do not regenerate when monsters are visible.
You are very weak. (Str -4)
Your spells are a little easier to cast, but a little less powerful.


Message History

Something claws you.
* * * LOW HITPOINT WARNING * * *
Something gores you!
* * * LOW HITPOINT WARNING * * *
Unknown command.
You feel much better. Something barely misses you. Something claws you!
* * * LOW HITPOINT WARNING * * *
Something gores you.
* * * LOW HITPOINT WARNING * * *
Unknown command. [a] - 416 gold - invisibility, stabbing and might [b] - 324 gold - brilliance and magic [c] - 330 gold - curing and magic Purchase which effect?
You feel better. Magic courses through your body. Something hits you!
* * * LOW HITPOINT WARNING * * *
You block something's attack. Something misses you.
Something completely misses you. Something claws you!
You die...
Your body crumbles into a pile of gold.

.... #....####
#.......#####
#...........# .
#...........# ...
........$...########....
..........$.............
..^.∩...........@{(...(.
.......)$$....(.........
$
..#####)#...$(..........
#.....#....$.....#####
#.....#.(........#
#.....#..........#
#.....#..........#
#.....#..........#
#.....#.........##


There were no monsters in sight!

Vanquished Creatures
  Cerebov (Pan)
  the Royal Jelly (Slime:5)
  Lom Lobon (Pan)
  Mnoleg (Pan)
  An ancient lich (Crypt:3)
  Mara (Depths:1)
  3 pandemonium lords (Pan)
  Saint Roka (Depths:2)
  Margery (Vaults:5)
  Bai Suzhen (Swamp:4)
  Geryon (Hell)
  4 golden dragons
  Nikola (Vaults:1)
  3 bone dragons
  6 Tzitzimimeh (Pan)
  13 Brimstone Fiends (Pan)
  4 tentacled monstrosities
  2 Ice Fiends (Pan)
  A Hell Sentinel (Pan)
  2 deep elf blademasters (Elf:3)
  4 titans
  7 liches
  2 deep elf master archers (Elf:3)
  5 Executioners (Pan)
  3 ancient champions
  5 tentacled starspawn
  A quicksilver dragon (Abyss:4)
  2 sphinxes
  21 acid blobs
  Murray (Depths:1)
  5 shadow dragons
  3 storm dragons
  4 thorn hunters (Swamp:4)
  Donald (Elf:3)
  2 revenants
  11 azure jellies
  5 tengu reavers
  A daeva (Abyss:4)
  A draconian monk (Depths:5)
  12 nagarajas
  38 cacodemons (Pan)
  3 blood saints (Pan)
  10 fire giants
  12 frost giants
  11 vault wardens
  A juggernaut zombie (Hell)
  A draconian shifter (Abyss:4)
  4 iron dragons
  18 balrugs
  2 draconian scorchers
  Aizul (Snake:3)
  6 deep elf elementalists
  An orc warlord (Vaults:1)
  Louise (Elf:3)
  A curse skull (Crypt:1)
  9 deep elf sorcerers
  5 ghouls (Crypt:1)
  10 reapers
  2 draconian stormcallers (Abyss:4)
  12 ironheart preservers
  36 very ugly things
  3 warmongers (Pan)
  5 war gargoyles
  A draconian annihilator (Pan)
  18 stone giants
  An ophan (Abyss:2)
  An entropy weaver (Vaults:4)
  A green draconian (Depths:5)
  9 deep elf demonologists
  6 vampire knights
  3 corrupters (Pan)
  Azrael (D:13)
  14 deep elf annihilators
  A black draconian (Depths:5)
  3 black suns (Pan)
  2 red draconians (Depths:5)
  5 lorocyprocas
  10 spark wasps
  A yellow draconian (Vaults:1)
  21 green deaths (Pan)
  2 white draconians (Depths:5)
  3 eidola
  12 fire dragons
  3 jiangshi (Depths:2)
  11 blizzard demons
  A merfolk javelineer (Depths:5)
  7 deep elf high priests (Elf:3)
  6 death oozes (Slime:5)
  9 ettins
  7 deep elf death magi
  Josephine (Orc:2)
  4 crystal guardians
  9 great orbs of eyes
  8 ogre magi
  10 yaktaur captains
  22 vault guards
  A ghost crab (Swamp:2)
  5 monstrous demonspawn (Pan)
  8 spriggan air magi
  Erolcha (D:12)
  34 hydras
  5 rakshasas
  12 ice dragons
  2 shambling mangroves
  11 naga warriors
  Erica (Lair:1)
  18 alligators
  8 centaur warriors
  14 anacondas
  3 death knights
  24 two-headed ogres
  A catoblepas (D:15)
  5 hell hogs
  2 titan zombies (Crypt:3)
  4 death yaks
  6 tengu warriors
  9 deep troll shamans
  Urug (Lair:1)
  11 deep troll earth magi
  2 orc high priests
  2 vampire magi
  2 spriggan berserkers
  15 naga sharpshooters
  16 hell knights
  A titan skeleton (Hell)
  8 shock serpents
  23 soul eaters
  44 sun demons
  4 thrashing horrors (Abyss:2)
  2 iron golems
  2 storm dragon zombies
  24 deep elf knights
  2 wretched stars
  6 iron trolls
  A salamander mystic (Snake:4)
  A fire crab (shapeshifter) (Depths:1)
  20 skeletal warriors
  A death drake (Abyss:2)
  6 spatial maelstroms
  44 sixfirhies
  2 shadow wraiths
  5 spriggan druids
  2 golden dragon zombies
  A gelid demonspawn (Depths:3)
  A quicksilver dragon simulacrum (Hell)
  3 anaconda zombies
  10 sea snakes
  3 flayed ghosts
  7 naga ritualists
  7 glowing orange brains
  7 infernal demonspawn (Pan)
  A kraken simulacrum (Hell)
  16 shadow demons
  5 wizards
  3 torturous demonspawn (Pan)
  5 starcursed masses
  7 unseen horrors
  Pikel (D:4)
  11 swamp dragons
  18 deep elf archers
  46 deep trolls
  3 harpies (Vaults:1)
  14 orc knights
  13 necromancers
  11 ironbrand convokers
  A lindwurm (shapeshifter) (Vaults:2)
  A harpy (shapeshifter) (Depths:5)
  A shadow dragon zombie (Vaults:3)
  63 deep elf magi
  2 golden dragon skeletons (Crypt:1)
  3 tengu zombies
  A shadow dragon skeleton (Crypt:1)
  70 ugly things
  An iron dragon zombie (Hell)
  6 shining eyes
  8 phantasmal warriors
  7 orc sorcerers
  3 fire giant zombies
  13 mana vipers
  4 wolf spiders
  A wolf spider zombie (Crypt:3)
  A manticore (shapeshifter) (Depths:3)
  4 manticores
  A frost giant zombie (Hell)
  An iron dragon skeleton (Crypt:3)
  3 draconians (Abyss:4)
  12 salamanders
  A moth of wrath (shapeshifter) (Vaults:4)
  A worldbinder (Abyss:2)
  13 cyclopes
  An elephant (shapeshifter) (Vaults:1)
  5 rust devils
  13 vault sentinels
  4 eyes of devastation
  3 fire giant skeletons
  33 black mambas
  6 guardian serpents
  6 elephants (Lair:5)
  2 ice statues (Hell)
  A black mamba (shapeshifter) (Depths:4)
  An apocalypse crab (Abyss:2)
  18 naga magi
  Maurice (D:8)
  46 smoke demons
  An elephant slug zombie (Crypt:2)
  An emperor scorpion zombie (Abyss:3)
  A gargoyle (D:13)
  2 guardian serpents (shapeshifter)
  14 cane toads
  3 centaur skeletons (D:15)
  2 rime drakes
  2 kobold demonologists
  48 orange demons
  2 human zombies
  A dire elephant skeleton (Crypt:3)
  11 demonic crawlers
  12 efreet
  33 hellwings
  14 komodo dragons
  6 hellions
  11 freezing wraiths
  8 tormentors
  An anaconda simulacrum (Hell)
  A black draconian skeleton (Crypt:1)
  40 yaktaurs
  A death drake zombie (Crypt:2)
  6 tengu conjurers
  10 tyrant leeches
  A meliai (D:15)
  7 ancient zymes
  A meliai (shapeshifter) (Depths:3)
  4 polar bears (Lair:6)
  24 red devils
  5 hydra zombies
  A wolf spider simulacrum (Hell)
  5 trolls
  An alligator zombie (Hell)
  19 hornets
  16 blink frogs
  A blink frog (shapeshifter) (D:15)
  5 bog bodies
  11 hippogriffs
  A hippogriff (shapeshifter) (Vaults:5)
  7 raiju
  58 slime creatures
  3 dream sheep (Lair:6)
  An ice dragon zombie (Hell)
  An ettin zombie (Hell)
  A fire dragon skeleton (Crypt:3)
  21 ynoxinuls
  2 redbacks (Vaults:4)
  40 flying skulls
  3 shadows
  A tarantella (shapeshifter) (Elf:2)
  16 wraiths
  A spriggan (shapeshifter) (D:15)
  26 yaks
  A vampire (D:13)
  An air elemental (Elf:3)
  18 spriggans
  A wyvern (D:15)
  2 tyrant leech zombies
  2 alligator skeletons
  17 golden eyes
  9 water elementals
  9 fire elementals
  31 neqoxecs (Pan)
  11 vampire mosquitoes
  69 large abominations
  3 basilisks
  32 chaos spawn
  A swamp worm (shapeshifter) (Elf:3)
  51 nagas
  2 spatial vortices (Abyss:2)
  6 wargs
  12 swamp worms
  17 insubstantial wisps
  2 soldier ants (shapeshifter)
  Menkaure (D:4)
  2 acid dragons
  An acid dragon (shapeshifter) (Vaults:5)
  11 water moccasins
  2 cane toad zombies (Hell)
  8 porcupines
  A faun skeleton (Crypt:1)
  A human skeleton (Vaults:3)
  3 floating eyes
  26 small abominations
  6 hell hounds
  11 black bears
  45 orc warriors
  4 sky beasts
  12 swamp drakes
  A hornet zombie (D:12)
  12 eyes of draining
  An ice beast (shapeshifter) (D:15)
  32 ogres
  5 ice beasts
  2 phantoms
  5 necrophages
  16 boggarts
  28 centaurs
  13 crocodiles
  29 wolves
  A lemure (D:4)
  15 big kobolds
  17 bullfrogs
  A palentonga skeleton (Crypt:1)
  A wyvern zombie (D:9)
  2 earth elementals
  A wyvern skeleton (D:7)
  A water moccasin zombie (D:8)
  4 scorpions
  5 spriggan zombies
  8 killer bees
  7 wights
  4 electric eels
  2 crimson imps (Depths:4)
  4 bullfrog zombies
  5 quasits
  9 hounds
  3 human simulacra
  3 bullfrog skeletons
  3 jellies
  36 orc priests
  27 orc wizards
  A gnoll shaman (D:9)
  5 iron imps
  Ijyb (D:4)
  5 iguanas
  2 hell rats (Lair:5)
  15 worker ants
  A porcupine skeleton (Crypt:2)
  A deep dwarf zombie (Crypt:1)
  2 hound skeletons
  2 mummies (D:11)
  3 worker ant zombies
  A howler monkey zombie (Crypt:2)
  10 gnolls
  8 adders
  5 river rats (Lair:5)
  A shadow imp (Abyss:3)
  10 white imps
  10 ufetubi
  5 oozes
  A halfling zombie (Crypt:2)
  An adder skeleton (D:4)
  7 worms
  2 dart slugs (D:1)
  9 leopard geckos
  138 orcs
  3 ball pythons
  13 bats
  A bat zombie (Crypt:1)
  12 giant cockroaches
  15 goblins
  24 hobgoblins
  17 jackals
  20 kobolds
  10 quokkas
  8 frilled lizards
  A goblin zombie (Crypt:2)
  A leopard gecko zombie (Crypt:2)
  13 rats
  A butterfly (Lair:1)
  A lurking horror (Abyss:2)
  4 starspawn tentacles (Abyss:3)
  2 tentacles (Hell)
3166 creatures vanquished.

Vanquished Creatures (collateral kills)
  2 titans (Vaults:5)
  2 quicksilver dragons (Vaults:5)
  A shadow dragon (Vaults:5)
  A fire giant (Vaults:5)
  A vault warden (Vaults:5)
  A very ugly thing (Vaults:5)
  A war gargoyle (Vaults:5)
  A stone giant (Vaults:5)
  2 ettins (Vaults:5)
  2 deep elf death magi (Vaults:5)
  2 yaktaur captains (Vaults:5)
  8 vault guards (Vaults:5)
  An ironbrand convoker (Vaults:5)
  A phantasmal warrior (Vaults:5)
  A deep elf archer (Vaults:5)
  A wolf spider (Vaults:5)
  A vault sentinel (Vaults:5)
  A freezing wraith (Vaults:5)
  A dream sheep (shapeshifter) (Vaults:5)
31 creatures vanquished.

Vanquished Creatures (others)
  An ancient lich (Vaults:5)
  3 Brimstone Fiends (Pan)
  5 titans
  A shadow dragon (Vaults:5)
  2 vault wardens (Vaults:5)
  3 fire giants (Vaults:5)
  A draconian annihilator (Pan)
  A blood saint (Pan)
  2 reapers (Pan)
  A stone giant (Vaults:5)
  An ironheart preserver (Vaults:5)
  A deep elf demonologist (Vaults:5)
  3 ettins (Vaults:5)
  A yaktaur captain (Vaults:5)
  2 deep elf high priests (Vaults:5)
  8 vault guards (Vaults:5)
  2 rakshasas (Pan)
  34 dancing weapons
  A deep elf knight (Vaults:5)
  A sun demon (Pan)
  A torturous demonspawn (Pan)
  2 wizards (Pan)
  A deep elf archer (Vaults:5)
  2 ironbrand convokers (Vaults:5)
  4 shadow demons (Pan)
  3 harpies (Vaults:5)
  A phantasmal warrior (Vaults:5)
  A deep elf mage (Elf:2)
  A rust devil (Hell)
  2 hellwings (Pan)
  2 demonic crawlers (Pan)
  4 red devils (Pan)
  A ynoxinul (Abyss:2)
  A spriggan (Swamp:2)
  A neqoxec (Pan)
  A vampire mosquito (Swamp:2)
  3 chaos spawn (Pan)
  4 large abominations
  An orc wizard (Orc:2)
  2 iguanas (Lair:3)
  A white imp (Hell)
  7 ball lightnings (Pan)
  3 orcs (Vaults:4)
  10 bushes
  31 fungi
  A lurking horror (Abyss:4)
  48 plants
  8 starspawn tentacles (Abyss:3)
  4 tentacles (Hell)
  4 withered plants (D:11)
229 creatures vanquished.

Grand Total: 3426 creatures vanquished

Notes
Turn   | Place    | Note
-------+----------+-------------------------------------------
     0 | D:1      | smeego the Octopode Fighter began the quest for the Orb.
     0 | D:1      | Reached XP level 1. HP: 16/16 MP: 1/1
   112 | D:1      | Reached XP level 2. HP: 21/21 MP: 2/2
   514 | D:1      | Reached skill level 1 in Stealth
   514 | D:1      | Reached XP level 3. HP: 26/26 MP: 3/3
   924 | D:2      | Reached skill level 1 in Unarmed Combat
  1017 | D:2      | Found an ancient bone altar of Kikubaaqudgha.
  1095 | D:2      | Reached XP level 4. HP: 31/31 MP: 4/4
  1127 | D:2      | Found a radiant altar of Vehumet.
  1128 | D:2      | Found a burning altar of Makhleb.
  1277 | D:2      | Reached skill level 1 in Throwing
  1281 | D:2      | Found a shimmering altar of Xom.
  1569 | D:2      | Reached XP level 5. HP: 21/36 MP: 5/5
  2307 | D:3      | Reached skill level 2 in Stealth
  2419 | D:3      | Found a sparkling altar of Nemelex Xobeh.
  2496 | D:3      | Noticed an eye of draining
  2501 | D:3      | Found a bloodstained altar of Trog.
  2501 | D:3      | Noticed an eye of draining
  2509 | D:3      | Killed an eye of draining
  2509 | D:3      | Reached XP level 6. HP: 20/42 MP: 0/6
  2515 | D:3      | Killed an eye of draining
  2993 | D:3      | Reached skill level 3 in Stealth
  2993 | D:3      | Reached XP level 7. HP: 44/47 MP: 7/7
  3215 | D:4      | Found a hazy altar of Hepliaklqana.
  3276 | D:4      | Found a glowing drain.
  3286 | Sewer    | Entered a sewer
  4278 | D:4      | Noticed Ijyb
  4288 | D:4      | Killed Ijyb
  4495 | D:4      | Noticed Menkaure
  4505 | D:4      | Killed Menkaure
  4534 | D:4      | Reached skill level 5 in Long Blades
  4534 | D:4      | Reached skill level 4 in Stealth
  4534 | D:4      | Reached skill level 1 in Evocations
  4534 | D:4      | Reached XP level 8. HP: 43/54 MP: 8/8
  4802 | D:4      | Noticed Pikel
  4814 | D:4      | Killed Pikel
  5220 | D:5      | Entered Level 5 of the Dungeon
  5230 | D:5      | Reached skill level 5 in Stealth
  5523 | D:5      | Reached XP level 9. HP: 53/59 MP: 9/9
  5684 | D:5      | Found an iron altar of Okawaru.
  5852 | D:5      | Reached skill level 5 in Dodging
  5973 | D:5      | Found a glowing golden altar of the Shining One.
  6155 | D:5      | Found Geugh's Gadget Boutique.
  6393 | D:6      | Found a runed translucent door.
  6394 | D:6      | Noticed Crazy Yiuf
  6552 | D:6      | Found a staircase to the Ecumenical Temple.
  6559 | D:6      | Reached skill level 5 in Fighting
  6595 | Temple   | Entered the Ecumenical Temple
  6722 | Temple   | Became a worshipper of Gozag Ym Sagoz the Greedy
  7231 | D:6      | Found Jery's Book Emporium.
  7346 | D:6      | Found a hide-covered altar of Uskayaw.
  7397 | D:6      | Reached skill level 5 in Shields
  7853 | D:7      | Found a broken altar of Ashenzari.
  7985 | D:7      | Reached skill level 6 in Stealth
  9416 | D:7      | Got a smoking dagger
  9501 | D:7      | Reached XP level 10. HP: 41/66 MP: 10/10
 10138 | D:8      | Learned a level 2 spell: Wereblood
 10206 | D:8      | Found a large runed translucent door.
 10207 | D:8      | Found a large runed translucent door.
 10207 | D:8      | Noticed Greyr's ghost (novice OgHu)
 10387 | D:8      | Noticed Maurice
 10394 | D:8      | Killed Maurice
 10394 | D:8      | Reached skill level 5 in Throwing
 10394 | D:8      | Reached skill level 7 in Stealth
 10623 | D:8      | Reached skill level 5 in Unarmed Combat
 10694 | D:6      | Bought Further Steps in Sorcery for 979 gold pieces
 10701 | D:6      | Learned a level 6 spell: Statue Form
 11115 | D:8      | Found a staircase to the Lair.
 11224 | D:9      | Found a shimmering blue altar of Sif Muna.
 11227 | D:9      | Found a runed translucent door.
 11227 | D:9      | Noticed Shoal's ghost (novice TrMo)
 11319 | D:9      | Identified the +0 dagger "Qaut" {venom, rC+} (You found it
                  | on level 7 of the Dungeon)
 11384 | D:9      | Reached skill level 1 in Transmutations
 11408 | D:9      | Reached skill level 1 in Earth Magic
 12437 | D:9      | Found a shadowy altar of Dithmenos.
 12567 | D:9      | Reached skill level 1 in Spellcasting
 12605 | D:9      | Reached XP level 11. HP: 61/72 MP: 12/12
 13266 | D:9      | Reached skill level 8 in Stealth
 13489 | D:10     | Entered Level 10 of the Dungeon
 13532 | D:10     | HP: 3/72 [something (8)]
 13541 | D:10     | Found a bloodstained altar of Trog.
 14040 | D:10     | Identified the Catalogue of Scorching Arcane Weapons
 14269 | D:10     | Killed an unseen horror
 14883 | D:10     | Killed an unseen horror
 16185 | D:11     | Noticed a green ugly thing
 16192 | D:11     | Killed a green ugly thing
 16375 | D:11     | Found a flagged portal.
 16384 | Bailey   | Entered a bailey
 16928 | Bailey   | Reached XP level 12. HP: 80/80 MP: 16/16
 17270 | Bailey   | Reached skill level 5 in Transmutations
 17939 | D:11     | Reached skill level 5 in Earth Magic
 18522 | D:12     | Reached skill level 9 in Stealth
 19411 | D:12     | Found a roughly hewn altar of Beogh.
 19628 | D:12     | Found a staircase to the Orcish Mines.
 20142 | D:12     | Noticed Erolcha
 20146 | D:12     | Noticed a two-headed ogre
 20147 | D:12     | Killed Erolcha
 20174 | D:12     | Killed a two-headed ogre
 20713 | D:12     | Noticed a centaur warrior
 20752 | D:12     | Killed a centaur warrior
 21129 | D:13     | Noticed a tengu warrior
 21267 | Lair:1   | Entered Level 1 of the Lair of Beasts
 21270 | Lair:1   | Bought a cursed +4 ring of protection for 396 gold pieces
 21374 | Lair:1   | Noticed Urug
 21396 | Lair:1   | Killed Urug
 21457 | Lair:1   | Noticed Erica
 21468 | Lair:1   | Killed Erica
 21557 | Lair:1   | Identified a scroll of acquirement
 21557 | Lair:1   | Acquired the ring "Muenasum" {rPois rC+ MR++ MP-9 Dex+3}
 21682 | Lair:1   | Reached XP level 13. HP: 76/86 MP: 10/19
 22757 | Lair:2   | Reached skill level 10 in Stealth
 23681 | Lair:3   | Found a staircase to the Snake Pit.
 24246 | Lair:3   | Found a staircase to the Swamp.
 25775 | Orc:1    | Entered Level 1 of the Orcish Mines
 25813 | Orc:1    | Found a runed translucent door.
 25981 | Orc:2    | Entered Level 2 of the Orcish Mines
 25981 | Orc:2    | Found a staircase to the Elven Halls.
 26686 | Orc:1    | Reached skill level 5 in Spellcasting
 28417 | Orc:2    | Found Weihiepp's Book Emporium.
 28425 | Orc:2    | Noticed Josephine
 28515 | Orc:2    | Killed Josephine
 28515 | Orc:2    | Reached XP level 14. HP: 94/94 MP: 12/21
 28534 | Orc:2    | Found a roughly hewn altar of Beogh.
 28719 | Orc:2    | Found Mimev's Assorted Antiques.
 28720 | Orc:2    | Found Mexos's Antique Weapon Boutique.
 28721 | Orc:2    | Found Ackyl's Jewellery Shop.
 28724 | Orc:2    | Found Tobo Adu's Armour Shop.
 30287 | D:13     | Reached skill level 11 in Stealth
 30489 | D:13     | Noticed Azrael
 31355 | Lair:4   | Got a faintly glowing marble ring
 31356 | Lair:4   | Identified the ring of Wodgh {rPois AC+4 Stlth+} (You found
                  | it on level 4 of the Lair of Beasts)
 31360 | Lair:4   | Identified Foifrean's Catalogue of Dark Secrets and the
                  | Escort
 32972 | Lair:5   | Found a viscous altar of Jiyva.
 32972 | Lair:5   | Found a staircase to the Slime Pits.
 33088 | Lair:6   | Entered Level 6 of the Lair of Beasts
 33405 | Lair:6   | Reached skill level 10 in Long Blades
 34574 | Lair:6   | Reached XP level 15. HP: 53/100 MP: 9/24
 35189 | Snake:1  | Entered Level 1 of the Snake Pit
 36317 | Snake:1  | Reached skill level 12 in Stealth
 37277 | Snake:2  | Reached skill level 10 in Transmutations
 37338 | Snake:2  | Reached skill level 10 in Earth Magic
 37548 | Snake:2  | Found a shimmering altar of Xom.
 37900 | Snake:3  | Noticed a nagaraja
 37900 | Snake:3  | Noticed a nagaraja
 38246 | D:8      | Bought the ring "Jyifamib" {rF+ rC+ MR+ Int+3 Dex+5} for
                  | 798 gold pieces
 38249 | D:8      | Bought the ring of the Nine Artists {rElec rN+ Str+7 Int+4
                  | Dex-2} for 687 gold pieces
 38458 | D:13     | Killed Azrael
 39299 | D:13     | Reached XP level 16. HP: 108/108 MP: 14/26
 39329 | D:13     | Found a gate to the Vaults.
 39966 | D:14     | Found a sacrificial altar of Ru.
 40157 | D:14     | Got a polished great sword
 40442 | D:15     | Entered Level 15 of the Dungeon
 41781 | D:15     | Found a staircase to the Depths.
 41965 | D:15     | Reached skill level 10 in Dodging
 42514 | Elf:1    | Entered Level 1 of the Elven Halls
 42856 | Elf:1    | Reached skill level 13 in Stealth
 42905 | Elf:1    | You fall into a shaft and drop 1 floor!
 43013 | Elf:2    | Reached skill level 10 in Shields
 43018 | Elf:2    | Reached skill level 10 in Fighting
 43513 | Elf:2    | Reached XP level 17. HP: 115/115 MP: 13/28
 43791 | Elf:2    | Found a runed translucent gate.
 43792 | Elf:2    | Found a runed translucent gate.
 43796 | Elf:2    | Found a runed translucent gate.
 44191 | Elf:2    | Got a fine hunting sling
 44764 | Elf:2    | Acquired 870 gold pieces
 45050 | Elf:1    | Reached skill level 10 in Unarmed Combat
 46534 | Snake:3  | Found a burning altar of Makhleb.
 46791 | Snake:3  | Reached XP level 18. HP: 122/122 MP: 16/30
 47061 | Snake:3  | Reached skill level 14 in Stealth
 47206 | Snake:3  | Noticed Aizul
 47216 | Snake:3  | Killed Aizul
 47453 | Snake:3  | Identified the +5 hunting sling "Icod" {vorpal, Stlth+}
                  | (You found it on level 2 of the Elven Halls)
 47457 | Snake:3  | Gained mutation: You are weak. (Str -2) [potion of
                  | mutation]
 47457 | Snake:3  | Gained mutation: One of your tentacles bears a spike.
                  | [potion of mutation]
 47940 | Snake:4  | Entered Level 4 of the Snake Pit
 48019 | Snake:4  | Lost mutation: One of your tentacles bears a spike. [potion
                  | of mutation]
 48019 | Snake:4  | Lost mutation: You are weak. (Str -2) [potion of mutation]
 48019 | Snake:4  | Gained mutation: You are dopey. (Int -2) [potion of
                  | mutation]
 48019 | Snake:4  | Gained mutation: You expend magic power (3 MP) to
                  | strengthen your wands. [potion of mutation]
 49796 | Snake:4  | Reached XP level 19. HP: 86/128 MP: 23/32
 50021 | Snake:4  | Got a serpentine rune of Zot
 50360 | Vaults:1 | Entered Level 1 of the Vaults
 50368 | Vaults:1 | Noticed Nikola
 50380 | Vaults:1 | Killed Nikola
 52060 | Vaults:1 | Reached skill level 15 in Stealth
 52438 | Vaults:1 | Identified the ring of Ommunir {+Fly rC+ Dex+6}
 52828 | Vaults:1 | Learned a level 9 spell: Shatter
 53477 | Vaults:2 | Reached XP level 20. HP: 135/135 MP: 20/33
 55106 | Vaults:3 | Reached skill level 16 in Stealth
 55543 | Vaults:3 | Found a staircase to the Crypt.
 55543 | Vaults:3 | Found an ancient bone altar of Kikubaaqudgha.
 55544 | Vaults:3 | Found a basalt altar of Yredelemnul.
 56100 | Vaults:4 | Reached skill level 10 in Spellcasting
 56235 | Vaults:4 | Found Pocen's Assorted Antiques.
 56634 | Vaults:4 | Reached XP level 21. HP: 129/143 MP: 24/35
 57795 | Lair:1   | Bought the ring of the Pariah {MR++ Str-5 Dex+6 Slay+6} for
                  | 886 gold pieces
 57842 | Swamp:1  | Entered Level 1 of the Swamp
 58125 | Swamp:1  | Reached skill level 17 in Stealth
 59278 | Swamp:2  | Lost mutation: You expend magic power (3 MP) to strengthen
                  | your wands. [potion of mutation]
 59278 | Swamp:2  | Lost mutation: You are dopey. (Int -2) [potion of mutation]
 59278 | Swamp:2  | Gained mutation: You occasionally shout uncontrollably at
                  | your foes. [potion of mutation]
 59278 | Swamp:2  | Gained mutation: You are partially covered in iridescent
                  | scales. (AC +2) [potion of mutation]
 59279 | Swamp:2  | Lost mutation: You are partially covered in iridescent
                  | scales. (AC +2) [potion of mutation]
 59279 | Swamp:2  | Lost mutation: You occasionally shout uncontrollably at
                  | your foes. [potion of mutation]
 59279 | Swamp:2  | Gained mutation: You are resistant to electric shocks.
                  | (rElec) [potion of mutation]
 59279 | Swamp:2  | Gained mutation: You are agile. (Dex +2) [potion of
                  | mutation]
 59279 | Swamp:2  | Lost mutation: You are agile. (Dex +2) [potion of mutation]
 59279 | Swamp:2  | Gained mutation: You are partially covered in slimy green
                  | scales. (AC +2) [potion of mutation]
 59280 | Swamp:2  | Lost mutation: You are partially covered in slimy green
                  | scales. (AC +2) [potion of mutation]
 59280 | Swamp:2  | Lost mutation: You are resistant to electric shocks.
                  | (rElec) [potion of mutation]
 59280 | Swamp:2  | Gained mutation: You are partially covered in slimy green
                  | scales. (AC +2) [potion of mutation]
 59280 | Swamp:2  | Gained mutation: Your magical capacity is low. (-10% MP)
                  | [potion of mutation]
 59280 | Swamp:2  | Gained mutation: One of your tentacles bears a spike.
                  | [potion of mutation]
 59411 | Swamp:2  | Found a shimmering altar of Xom.
 59482 | Swamp:3  | Reached skill level 15 in Transmutations
 59502 | Swamp:4  | Entered Level 4 of the Swamp
 59761 | Swamp:3  | Reached skill level 15 in Earth Magic
 60900 | Swamp:4  | Noticed Bai Suzhen
 60908 | Swamp:4  | Killed Bai Suzhen
 60932 | Swamp:4  | Reached XP level 22. HP: 127/150 MP: 18/33
 61042 | Swamp:4  | Lost mutation: You are partially covered in slimy green
                  | scales. (AC +2) [potion of mutation]
 61042 | Swamp:4  | Lost mutation: One of your tentacles bears a spike. [potion
                  | of mutation]
 61042 | Swamp:4  | Lost mutation: Your magical capacity is low. (-10% MP)
                  | [potion of mutation]
 61042 | Swamp:4  | Gained mutation: Your muscles are strong. (Str +2) [potion
                  | of mutation]
 61042 | Swamp:4  | Gained mutation: Your muscles are very strong. (Str +4)
                  | [potion of mutation]
 61174 | Swamp:4  | Got a decaying rune of Zot
 61804 | Vaults:4 | Reached skill level 18 in Stealth
 61921 | Vaults:5 | Entered Level 5 of the Vaults
 61946 | Vaults:5 | Noticed a golden dragon
 61967 | Vaults:5 | Killed a golden dragon
 61999 | Vaults:5 | Gained mutation: Your spells are a little easier to cast,
                  | but a little less powerful. [mutagenic glow]
 62005 | Vaults:5 | Gained mutation: You occasionally shout uncontrollably at
                  | your foes. [mutagenic glow]
 62122 | Vaults:5 | Noticed an ancient lich
 62130 | Vaults:5 | Killed an ancient lich
 62490 | Vaults:5 | Identified the Handbook of Enchantment and Heat
 62500 | Vaults:5 | Noticed a golden dragon
 62511 | Vaults:5 | Killed a golden dragon
 62538 | Vaults:5 | Identified Acrisez's Compendium of Toxic Sinister Rites
 62618 | Vaults:5 | Found the +2 shield of Resistance {rF++ rC++ MR++}
 62625 | Vaults:5 | Got a silver rune of Zot
 62911 | Vaults:5 | Got a fine copper amulet
 62917 | Vaults:5 | Identified the amulet of Pride {RegenMP rF+ MR- Str+4} (You
                  | found it on level 5 of the Vaults)
 63517 | Vaults:5 | Reached skill level 19 in Stealth
 63519 | Vaults:5 | Noticed Margery
 63525 | Vaults:5 | Killed Margery
 63735 | Vaults:5 | Identified the +12 battleaxe "Jiqumon" {drain, MR+ Str-2
                  | Int+3 SInv}
 63978 | Vaults:5 | Acquired 512 gold pieces
 64270 | D:8      | Bought the ring "Laboz" {+Fly rElec rN+++ MR- Str-3 Dex+6}
                  | for 1276 gold pieces
 64406 | Elf:3    | Entered Level 3 of the Elven Halls
 64406 | Elf:3    | Found Casmonyff's Jewellery Emporium.
 64839 | Elf:3    | Reached XP level 23. HP: 157/157 MP: 22/38
 64882 | Elf:3    | Noticed Donald
 64890 | Elf:3    | Killed Donald
 65247 | Elf:3    | Identified the +8 great sword of the Endless Expanse
                  | {spect, Int+4}
 65248 | Elf:3    | Identified the +8 great sword of the Endless Expanse
                  | {spect, Int+4}
 65316 | Elf:3    | Identified the cursed +1 glaive "Jylef" {vorpal, MR+}
 65385 | Elf:3    | Noticed Louise
 65395 | Elf:3    | Killed Louise
 65587 | Elf:3    | Found the +27 Lear's hauberk
 65695 | Elf:3    | Identified Meac's Volume of Transformation
 65772 | Elf:3    | Learned a level 6 spell: Iron Shot
 66381 | Depths:1 | Entered Level 1 of the Depths
 66415 | Depths:1 | Reached skill level 20 in Stealth
 66428 | Depths:1 | Noticed Mara
 66438 | Depths:1 | Noticed smeego's illusion
 66438 | Depths:1 | Found a one-way gate to the infinite horrors of the Abyss.
 66793 | Depths:1 | Killed Mara
 67175 | Depths:1 | Found a gateway to Hell.
 67295 | Depths:2 | Paralysed by a floating eye for 3 turns
 67310 | Depths:2 | Paralysed by a floating eye for 4 turns
 67628 | Depths:2 | Found a transporter.
 67632 | Depths:2 | Noticed a caustic shrike
 67643 | Depths:2 | Found a transporter.
 67760 | Depths:2 | Reached XP level 24. HP: 165/165 MP: 29/38
 67852 | Depths:2 | Noticed Saint Roka
 67867 | Depths:2 | Killed Saint Roka
 68068 | Depths:2 | Found Jyecviklotic's Antique Armour Emporium.
 68100 | Depths:2 | Found a glowing golden altar of the Shining One.
 68137 | Depths:2 | Found a gateway to a ziggurat.
 68666 | Depths:3 | Found Kuky's Jewellery Boutique.
 68699 | Depths:3 | Reached skill level 21 in Stealth
 68863 | Depths:3 | Found Tuuheh's Distillery.
 68871 | Depths:3 | Bought a potion of mutation for 136 gold pieces
 68871 | Depths:3 | Lost mutation: Your spells are a little easier to cast, but
                  | a little less powerful. [potion of mutation]
 68871 | Depths:3 | Lost mutation: Your muscles are very strong. (Str +4)
                  | [potion of mutation]
 68871 | Depths:3 | Lost mutation: Your muscles are strong. (Str +2) [potion of
                  | mutation]
 68871 | Depths:3 | Gained mutation: Your mind is acute. (Int +2) [potion of
                  | mutation]
 68871 | Depths:3 | Gained mutation: Your flesh is cold resistant. (rC+)
                  | [potion of mutation]
 69341 | Depths:3 | Found Isuti's General Store.
 69370 | Depths:3 | Bought a potion of mutation for 176 gold pieces
 69370 | Depths:3 | Lost mutation: You occasionally shout uncontrollably at
                  | your foes. [potion of mutation]
 69370 | Depths:3 | Lost mutation: Your flesh is cold resistant. (rC+) [potion
                  | of mutation]
 69370 | Depths:3 | Gained mutation: You are weak. (Str -2) [potion of
                  | mutation]
 69370 | Depths:3 | Gained mutation: You are partially covered in molten
                  | scales. (AC +2) [potion of mutation]
 69370 | Depths:3 | Gained mutation: You are robust. (+10% HP) [potion of
                  | mutation]
 69370 | Depths:3 | Gained mutation: You are somewhat resistant to further
                  | mutation. [potion of mutation]
 69440 | Depths:3 | Found Kuonimn's Antique Armour Boutique.
 69545 | Depths:3 | Found a one-way gate leading to the halls of Pandemonium.
 70186 | Depths:4 | Reached skill level 15 in Long Blades
 70268 | Depths:4 | Reached XP level 25. HP: 189/189 MP: 29/39
 70501 | Depths:5 | Entered Level 5 of the Depths
 70822 | Depths:5 | Reached skill level 22 in Stealth
 70909 | Depths:5 | Found a gate to the Realm of Zot.
 70998 | Depths:5 | Paralysed by a floating eye for 4 turns
 71005 | Depths:5 | Paralysed by a floating eye for 3 turns
 71384 | Depths:5 | Found Zerooduu's Jewellery Shop.
 71385 | Depths:5 | Found Yroen's Gadget Shoppe.
 71386 | Depths:5 | Found Inownoq's Jewellery Shop.
 71396 | Depths:5 | Bought the ring of Shadows {Umbra +Inv Stlth+} for 680 gold
                  | pieces
 71396 | Depths:5 | Found the ring of Shadows {Umbra +Inv Stlth+}
 71448 | Depths:5 | Found Xanut's General Store.
 72665 | D:8      | Bought a scroll of enchant weapon for 120 gold pieces
 72665 | D:8      | Bought a scroll of enchant weapon for 120 gold pieces
 72679 | Lair:1   | Bought 3 scrolls of torment for 337 gold pieces
 72685 | D:8      | Bought a scroll of immolation for 56 gold pieces
 72768 | Slime:1  | Entered Level 1 of the Pits of Slime
 72899 | Slime:1  | Gained mutation: You are clumsy. (Dex -2) [a shining eye]
 72900 | Slime:1  | Gained mutation: You are very weak. (Str -4) [a shining
                  | eye]
 73034 | Slime:1  | Lost mutation: You are robust. (+10% HP) [a shining eye]
 73162 | Slime:5  | Entered Level 5 of the Pits of Slime
 74018 | Slime:5  | Noticed the Royal Jelly
 74145 | Slime:5  | Killed the Royal Jelly
 74145 | Slime:5  | Reached skill level 15 in Dodging
 74145 | Slime:5  | Reached XP level 26. HP: 150/180 MP: 28/40
 74330 | Slime:5  | Identified Kireoxt's Compendium of Contamination and Blows
                  | and Bruises
 74340 | Slime:5  | Lost mutation: You are very weak. (Str -4) [potion of
                  | mutation]
 74340 | Slime:5  | Lost mutation: You are clumsy. (Dex -2) [potion of
                  | mutation]
 74340 | Slime:5  | Lost mutation: Your mind is acute. (Int +2) [potion of
                  | mutation]
 74340 | Slime:5  | Gained mutation: You tend to lose your temper in combat.
                  | [potion of mutation]
 74367 | Slime:5  | Got a slimy rune of Zot
 74379 | Slime:5  | Learned a level 8 spell: Lehudib's Crystal Spear
 74443 | Slime:5  | Identified the +11 short sword of the Eel {drain, rElec
                  | Stlth+} (You found it on level 5 of the Pits of Slime)
 74450 | Slime:5  | Identified the cursed +3 short sword "Ophont" {venom,
                  | Int+2} (You found it on level 5 of the Pits of Slime)
 74852 | Depths:5 | Lost mutation: You are weak. (Str -2) [potion of mutation]
 74852 | Depths:5 | Lost mutation: You tend to lose your temper in combat.
                  | [potion of mutation]
 75104 | Crypt:1  | Entered Level 1 of the Crypt
 75155 | Crypt:1  | Reached skill level 15 in Fighting
 75337 | Crypt:1  | Reached skill level 15 in Shields
 75724 | Crypt:1  | Reached skill level 15 in Unarmed Combat
 75944 | Crypt:2  | Found a runed translucent door.
 75969 | Crypt:2  | Noticed Jetyrhek's ghost (veteran GrEE)
 76453 | Crypt:3  | Entered Level 3 of the Crypt
 77102 | Crypt:3  | Reached skill level 23 in Stealth
 77249 | Crypt:3  | Found a basalt altar of Yredelemnul.
 77250 | Crypt:3  | Noticed an ancient lich
 77259 | Crypt:3  | Killed an ancient lich
 77309 | Crypt:3  | Got a crude golden ring
 77309 | Crypt:3  | Got a sparkling steel ring
 77315 | Crypt:3  | Identified the Guide on Unholy Magic
 77317 | Crypt:3  | Identified the ring of Pieti {+Fly rElec rC- rN+ Stlth+}
                  | (You found it on level 3 of the Crypt)
 77318 | Crypt:3  | Identified the ring "Ziwot" {rElec rN+} (You found it on
                  | level 3 of the Crypt)
 77538 | Crypt:3  | Found a staircase to the Tomb.
 78346 | Lair:1   | Bought an uncursed amulet of reflection for 300 gold pieces
 78580 | Hell     | Entered the Vestibule of Hell
 78580 | Hell     | Noticed Geryon
 78620 | Hell     | Killed Geryon
 78630 | Hell     | Noticed Murray
 78862 | Depths:1 | Killed Murray
 79043 | Hell     | Reached XP level 27. HP: 148/187 MP: 28/40
 79823 | Hell     | Found a gateway to the freezing wastes of Cocytus.
 79913 | Hell     | Found a gateway to the Iron City of Dis.
 80008 | Hell     | Found a gateway to the ashen valley of Gehenna.
 80153 | Hell     | Found a gateway to the decaying netherworld of Tartarus.
 80370 | Depths:1 | Voluntarily entered the Abyss.
 81895 | Abyss:4  | Found a transporter.
 81954 | Abyss:4  | Got an abyssal rune of Zot
 82005 | Depths:1 | Escaped the Abyss
 82098 | Pan      | Entered Pandemonium
 82665 | Pan      | Found a runed translucent door.
 84089 | Pan      | Noticed Oxkin the pandemonium lord
 84099 | Pan      | Killed Oxkin the pandemonium lord
 84103 | Pan      | Got a demonic rune of Zot
 84106 | Pan      | Entered the realm of Mnoleg.
 84114 | Pan      | Learned a level 5 spell: Lee's Rapid Deconstruction
 84117 | Pan      | Learned a level 2 spell: Passwall
 84139 | Pan      | Reached skill level 24 in Stealth
 84254 | Pan      | Gained mutation: You are dopey. (Int -2) [a cacodemon]
 84635 | Pan      | Noticed Mnoleg
 84648 | Pan      | Killed Mnoleg
 84657 | Pan      | Gained mutation: You do not regenerate when monsters are
                  | visible. [a cacodemon]
 84871 | Pan      | Got a glowing rune of Zot
 84887 | Pan      | Gained mutation: You possess an exceptional clarity of
                  | mind. [a cacodemon]
 84893 | Pan      | Gained mutation: Your spells are a little easier to cast,
                  | but a little less powerful. [a cacodemon]
 84895 | Pan      | Gained mutation: You occasionally shout uncontrollably at
                  | your foes. [a cacodemon]
 85415 | Pan      | Gained mutation: You are weak. (Str -2) [a cacodemon]
 85716 | Pan      | Reached skill level 15 in Spellcasting
 85795 | Pan      | Found an exit through the horrors of the Abyss.
 86006 | Pan      | Identified the ring of Moaqohou {Int+2 SInv}
 86334 | Pan      | Noticed Sithrani the pandemonium lord
 87087 | Pan      | Killed Sithrani the pandemonium lord
 88443 | Depths:3 | Escaped Pandemonium
 88452 | Depths:3 | Upgraded the game from 0.26-a0-651-gb41185065b to
                  | 0.26-a0-652-gafc20e3620
 89001 | Lair:1   | Bought a scroll of brand weapon for 300 gold pieces
 89324 | Pan      | Entered the realm of Lom Lobon.
 89324 | Pan      | Entered Pandemonium
 89722 | Pan      | Noticed Lom Lobon
 89747 | Pan      | Killed Lom Lobon
 89747 | Pan      | Reached skill level 25 in Stealth
 89872 | Pan      | Got a magical rune of Zot
 91907 | Pan      | Entered the realm of Cerebov.
 91941 | Pan      | Got a pitted ivory ring
 91942 | Pan      | Identified the ring "Xazobi" {*Tele Dex+4} (You found it in
                  | Pandemonium)
 91984 | Pan      | Identified the +6 sword of Cerebov {flame}
 91984 | Pan      | Noticed Cerebov
 92639 | Pan      | Killed Cerebov
 93462 | Pan      | Found an exit through the horrors of the Abyss.
 93747 | Pan      | Got a fiery rune of Zot
 94113 | Pan      | Noticed Noen the pandemonium lord
 94119 | Pan      | Killed Noen the pandemonium lord
 95165 | Pan      | Gained mutation: You are very weak. (Str -4) [a neqoxec]
 95166 | Pan      | Gained mutation: You are clumsy. (Dex -2) [a neqoxec]
 95175 | Pan      | Gained mutation: Scrolls take you a little longer to read.
                  | [a neqoxec]
 95179 | Pan      | Gained mutation: Your magical capacity is low. (-10% MP) [a
                  | neqoxec]
 95205 | Pan      | Lost intelligence.
 96861 | Pan      | Found an exit through the horrors of the Abyss.
 97082 | Pan      | Lost intelligence.
 97302 | Pan      | HP: 9/195 [something (17)]
 97302 | Pan      | Slain by a monstrous warmonger

Illustrated notes

Levels and vault maps discovered:
D:1:      eino_arrival_druids_welcome, layout_loops_ring
D:2:      layout_basic, gammafunk_temple_overflow_pools,
          kiku_gazebo_pond_becter, marbit_many_paths
D:3:      layout_basic, trog_eyes_of_draining, overflow_temple_1_default,
          hangedman_decor_clover_reticule
D:4:      layout_loops_ring, lemuel_crystal_altar, cheibrodos_sewer_entry_bend,
          uniq_ijyb, uniq_pikel, uniq_menkaure
D:5:      layout_rooms, lemuel_crystal_altar, okawaru_trees_2, serial_shops,
          nicolae_shop_competitors_out_of_business, minmay_quadrilaterals
D:6:      layout_basic, kennysheep_little_box, minmay_temple_entry_mini_moons,
          serial_shops, shop, uniq_crazy_yiuf_cottage
D:7:      corexii_shantytown, layout_basic, nicolae_overflow_crystal_walls,
          chequers_serial_rivers_large_b
D:8:      layout_rooms, grunt_lair_entry_orc_guard_hut,
          ebering_ghost_disaster_area, uniq_maurice
D:9:      layout_basic, lemuel_doored_altar, overflow_temple_1_default,
          gammafunk_ghost_grave
D:10:     statuecave_lemuel, layout_long_grid, basic_altar, special_room
          [special_room_kobold]
D:11:     layout_loops_cross, enter_bailey_2, serial_undead, serial_undead_f,
          serial_undead_b, serial_undead_e, serial_undead_d
D:12:     layout_basic, orc_0_dummy, special_room [special_room_orc],
          grunt_tough_drop, uniq_erolcha
D:13:     layout_grid_maze, david_vaults_5, uniq_azrael
D:14:     layout_basic, minivault_19, lemuel_oklob_altar
D:15:     grunt_enter_depths_snipers, layout_irregular_city, minivault_26,
          minmay_the_grid_2x2 [minmay_the_grid_diamond_grid,
          minmay_the_grid_square_x, minmay_the_grid_tiny_cups,
          minmay_the_grid_prize_inner_circle]
Temple:   nicolae_temple_figure_zero
Lair:1:   beast_lair_carwin_large_2, layout_layer_cave, lemuel_fruit_fields,
          uniq_urug, uniq_erica
Lair:2:   layout_chaotic_city
Lair:3:   layout_chaotic_city, minmay_swamp_entry_reptiles,
          guppyfry_snake_entry_island, infiniplex_staircase_pool_2
Lair:4:   dragon1_lemuel, layout_regular_city, st_stairs_7,
          chequers_serial_rivers_small_b, serial_bayou_shore_a
Lair:5:   layout_regular_city, dpeg_slime_entry_enclosed_altar,
          kennysheep_abandoned_house
Lair:6:   minmay_lair_end_enchanted_forest, layout_cave_pods,
          serial_bayou_shore_b, grunt_megastairs_3, minmay_lair_oklob_chamber,
          lemuel_fruit_fields
Swamp:1:  layout_basic_swamp, evilmike_swamp_ruin_house_5
Swamp:2:  layout_basic_swamp, nicolae_swamp_godswood
Swamp:3:  layout_basic_swamp, evilmike_swamp_ruin_house_4, swamp_pool1
Swamp:4:  swamp, layout_basic_swamp, swamp_pool5, uniq_bai_suzhen
Snake:1:  layout_rooms, serial_bayou_pond_b, nicolae_snake_biting_tails,
          nicolae_snake_squiggles, grunt_megastairs_2, serial_bayou_shore_b
Snake:2:  skrybe_snakes_to_sticks, layout_misc_corridors
Snake:3:  layout_onion, basic_altar, st_stairs_12, evilmike_ambush
          [evilmike_ambush_outer_basic, evilmike_ambush_inner_basic], uniq_aizul
Snake:4:  grunt_snake_rune_pools, layout_onion
Slime:1:  layout_caves
Slime:2:  layout_caves
Slime:3:  layout_caves, cheibrodos_slime_lost_civilization_7
Slime:4:  layout_caves
Slime:5
Orc:1:    layout_caves, lightli_church_of_beogh
Orc:2:    st_orc_mages, layout_caves, serial_shops, shop_fountains,
          mines2_david, uniq_josephine
Elf:1:    layout_rooms, minivault_28
Elf:2:    layout_onion_city
Elf:3:    nooodl_elf_gasket, layout_geoelf_castle, serial_shops,
          nicolae_shop_trees, uniq_donald, uniq_louise
Vaults:1: v_misc_9, hangedman_vaults_hat, vaults_mumra_chevron,
          grunt_vaults_focal, nicolae_vaults_yaktaur_gun_rack, st_greater_box_1,
          nicolae_vaults_alarming, v_misc_25, nicolae_vaults_asterisk,
          layout_vaults_omnigrid, uniq_nikola
Vaults:2: v_misc_11, v_alt_pattern_3, vaults_room_fours,
          nicolae_vaults_three_branches, nicolae_vaults_stairing_the_circle,
          nicolae_vaults_hallways_thing, v_misc_33, grunt_vaults_trifunnel,
          nicolae_vaults_shelves_hall, layout_vaults_chaotic_city
Vaults:3: v_misc_19, nicolae_vaults_little_ls, minmay_crypt_entry_necro_gods,
          nicolae_vaults_rhombus_7, ontoclasm_vaults_spin,
          ontoclasm_vaults_fault, vaults_dpeg_cross, v_misc_24, v_misc_13,
          vaults_room_large_hall, hangedman_vaults_trim, vaults_dpeg_hooks,
          hangedman_vaults_nails, nicolae_vaults_little_squares_2,
          layout_vaults_omnicross
Vaults:4: v_misc_23, v_misc_11, vaults_room_pool, v_rooms_4,
          nicolae_vaults_arrows, v_misc_30, ontoclasm_vaults_bender, v_misc_4,
          v_alt_pattern_1, v_pattern_5, vaults_room_pools,
          layout_vaults_maze_bifur, serial_shops, shop
Vaults:5: uniq_margery
Crypt:1:  layout_chaotic_city, serial_sigils_hangedman_scratch,
          item_on_display_a
Crypt:2:  layout_rooms, ebering_ghost_inner_flame, item_on_display_a
Crypt:3:  cryptofortress_bobbens
Depths:1: layout_big_octagon, minmay_room_of_horrors, pf_coc_iceberg,
          hangedman_decor_peaks_small, minmay_misc_feat_enclosed,
          minmay_hedge_maze, chequers_jeans, kilobyte_rumbling_trees, uniq_mara
Depths:2: gammafunk_sealed_arena, layout_small_grid, enter_ziggurat_e,
          tso_altar, serial_shops, nicolae_shop_statue_plus, abyss_entry,
          hell_entry, moated_statue, uniq_saint_roka
Depths:3: evilmike_cross, layout_cave_shapes, rand_demon_pan_entry_9,
          serial_shops, nicolae_shop_crystal, nicolae_shop_trees, shop, shop,
          minmay_misc_feat_cross, hell_entry
Depths:4: grated_community_mu [grated_community_mu_vampire_home,
          grated_community_mu_giant_home, grated_community_mu_spellcaster_home,
          grated_community_mu_orcish_home, grated_community_mu_troll_home,
          grated_community_mu_taur_home, grated_community_mu_unbuilt_plot],
          layout_gridlike, pf_dread_powers_of_hell, minmay_misc_feat_ornament,
          abyss_entry
Depths:5: grunt_x_marks_the_spot, layout_cave_pools, serial_shops,
          nicolae_shop_temple_entry_statues_fountains, hell_entry,
          minmay_crystal_water, hangedman_abyss_entry_splay, pan_entry,
          minmay_shop_grove
Hell
Pan:      rand_demon_9, layout_irregular_city, mnoleg_grunt, layout_long_grid,
          nicolae_pan_lom_lobonic_1, evilmike_mini_pan_doors_b,
          layout_long_grid, lom_lobon_grunt, layout_stronghold, cerebov,
          layout_stronghold, evilmike_mini_pan_layers, layout_grid_shapes,
          nicolae_pan_lom_lobonic_1, evilmike_mini_pan_doors_b,
          layout_irregular_city

Skill      XL: |  1  2  3  4  5  6  7  8  9 10 11 12 13 14 15 16 17 18 19 20 21 22 23 24 25 26 27 |
---------------+----------------------------------------------------------------------------------+-----
Stealth        | 1 2 3 4 5 6 7 8 9 10 11 12 13 14 15 16 17 19 20 21 22 23 25 | 25.8
Unarmed Combat | 1 2 3 4 5 6 7 8 9 10 11 12 13 14 15 19 | 19.5
Throwing       | 1 2 3 4 5 |  5.1
Long Blades    | 3 4 5 7 8 9 10 11 12 13 14 15 16 | 16.0
Dodging        | 4 5 6 7 8 9 10 11 12 13 14 15 18 | 18.1
Fighting       | 4 5 6 7 8 9 10 11 12 13 14 15 18 | 18.0
Shields        | 4 5 6 7 8 9 10 11 12 13 14 15 18 | 18.0
Evocations     | 1 2 3 4 |  4.3
Transmutations | 2 4 6 7 9 10 11 12 13 14 15 | 15.0
Earth Magic    | 2 4 6 7 9 10 11 12 13 14 15 16 17 18 19 23 | 23.0
Spellcasting   | 1 2 4 5 6 7 8 9 10 11 12 13 16 | 16.1

Action                   |  1- 3 |  4- 6 |  7- 9 | 10-12 | 13-15 | 16-18 | 19-21 | 22-24 | 25-27 || total
-------------------------+-------+-------+-------+-------+-------+-------+-------+-------+-------++-------
Melee: Long sword        |    63 |    97 |   297 |   338 |    15 |       |       |       |       ||   810
       Constrict         |    20 |    34 |    85 |   141 |   161 |   115 |   140 |   138 |   437 ||  1271
       Tentacles         |    10 |    24 |    75 |   229 |   390 |   299 |   426 |   357 |  1197 ||  3007
       Punch             |       |     2 |    10 |    51 |   121 |   125 |   205 |   172 |   794 ||  1480
       Dagger            |       |       |    10 |   370 |    17 |       |       |     1 |       ||   398
       Unarmed           |       |       |    19 |    18 |       |       |       |       |       ||    37
       Scimitar          |       |       |       |    18 |   978 |   769 |  1009 |   781 |   186 ||  3741
       Kick              |       |       |       |       |       |    11 |   103 |     2 |       ||   116
       Double sword      |       |       |       |       |       |       |       |       |  2504 ||  2504
Throw: Dart              |       |       |    16 |    73 |    13 |     8 |       |       |       ||   110
       Javelin           |       |       |     1 |    29 |       |     4 |       |       |    47 ||    81
 Cast: Wereblood         |       |       |       |     1 |       |       |       |       |    25 ||    26
       Statue Form       |       |       |       |       |    16 |    73 |    89 |    93 |   246 ||   517
       Shatter           |       |       |       |       |       |       |       |       |     1 ||     1
Invok: Call Merchant     |       |       |       |     1 |     3 |     2 |     3 |     1 |     2 ||    12
       Potion Petition   |       |       |       |       |     1 |     2 |       |       |    15 ||    18
       Bribe Branch      |       |       |       |       |       |       |       |     1 |     1 ||     2
Evoke: Wand              |       |       |     1 |    20 |     8 |     1 |       |     5 |     8 ||    43
       Condenser vane    |       |       |       |       |     3 |     7 |     2 |     7 |     7 ||    26
       Tin of tremorston |       |       |       |       |       |       |       |     6 |     3 ||     9
       Phial of floods   |       |       |       |       |       |       |       |     1 |       ||     1
       Box of beasts     |       |       |       |       |       |       |       |       |     3 ||     3
       Lightning rod     |       |       |       |       |       |       |       |       |     2 ||     2
  Use: Scroll            |       |       |    12 |    18 |    11 |    11 |    12 |     7 |    45 ||   116
       Potion            |       |       |     1 |     8 |     2 |     3 |     3 |     8 |    21 ||    46
 Stab: Sleeping          |     8 |     8 |    36 |    31 |    53 |    32 |    23 |     7 |    37 ||   235
       Distracted        |     1 |       |     1 |     7 |    12 |    15 |    23 |    36 |   119 ||   214
       Paralysed         |       |       |       |    18 |     9 |       |       |       |       ||    27
       Invisible         |       |       |       |       |       |     1 |       |       |       ||     1
       Confused          |       |       |       |       |       |       |     2 |       |       ||     2
Armor: Skin              |     2 |     1 |    18 |    38 |   216 |   429 |   391 |   226 |   501 ||  1822
Dodge: Dodged            |    28 |    54 |   179 |   354 |   767 |   571 |   953 |   775 |  2403 ||  6084
Block: Kite shield       |    27 |    30 |   151 |   293 |   667 |   586 |   902 |   766 |  3073 ||  6495
       Reflection        |       |       |       |       |       |       |       |       |    62 ||    62
       Rpst.: Long sword |     7 |    22 |    59 |    48 |     2 |       |       |       |       ||   138
       Scimitar          |       |       |       |     3 |   147 |   129 |   159 |   132 |    34 ||   604
       Double sword      |       |       |       |       |       |       |       |       |   349 ||   349

Table legend: (Time is in decaauts)
 A = Elapsed time spent in this place.
 B = Non-inter-level travel time spent in this place.
 C = Inter-level travel time spent in this place.
 D = Time resting spent in this place.
 E = Time spent auto-exploring this place.
 F = Levels seen in this place.
 G = Mean time per level.
                   A        B        C        D        E       F      G
               +--------+--------+--------+--------+--------+-----+--------+
         Total | 107417 |  99379 |   8038 |  18498 |  55585 |  67 | 1603.2 |
       Dungeon |  28308 |  24274 |   4034 |   5769 |  13722 |  15 | 1887.2 |
        Temple |    139 |    108 |     31 |      0 |    107 |   1 |  139.0 |
          Lair |  10301 |   9589 |    712 |   1540 |   6319 |   6 | 1716.8 |
         Swamp |   4420 |   4267 |    153 |    233 |   3170 |   4 | 1105.0 |
     Snake Pit |   7229 |   6966 |    263 |    674 |   4668 |   4 | 1807.2 |
    Slime Pits |   1878 |   1813 |     65 |    337 |    318 |   5 |  375.6 |
  Orcish Mines |   3615 |   3347 |    268 |   1801 |    923 |   2 | 1807.5 |
   Elven Halls |   5997 |   5630 |    367 |    970 |   3039 |   3 | 1999.0 |
        Vaults |  11739 |  10590 |   1149 |    320 |   7672 |   5 | 2347.8 |
         Crypt |   3457 |   3341 |    116 |      0 |   2526 |   3 | 1152.3 |
        Depths |   7760 |   6882 |    878 |   1326 |   3931 |   5 | 1552.0 |
          Hell |    998 |    998 |      0 |      0 |    552 |   1 |  998.0 |
         Abyss |   2116 |   2116 |      0 |      0 |    830 |   4 |  529.0 |
   Pandemonium |  17418 |  17418 |      0 |   5118 |   6583 |   7 | 2488.3 |
         Sewer |    600 |    600 |      0 |      0 |    470 |   1 |  600.0 |
        Bailey |   1433 |   1433 |      0 |    407 |    750 |   1 | 1433.0 |
               +--------+--------+--------+--------+--------+-----+--------+

Top non-repeatable levels by time:
Vaults:1: 3214 daAuts
    D:13: 3113 daAuts
    D:12: 3026 daAuts
Vaults:5: 2656 daAuts
     D:9: 2600 daAuts
   Orc:1: 2566 daAuts
   Elf:2: 2543 daAuts
  Lair:3: 2514 daAuts
Depths:1: 2502 daAuts
    D:15: 2450 daAuts
 Snake:4: 2412 daAuts
     D:7: 2396 daAuts
    D:10: 2340 daAuts
 Snake:3: 2263 daAuts
Vaults:2: 2214 daAuts
